 Dungeon Crawl Stone Soup version 0.24-a0-246-gb963c9a (webtiles) character file.

Game seed: 1712475594551602190

16 MatthieuS the Chopper (level 2, -2/25 HPs)
             Began as a Hill Orc Wanderer on Apr 12, 2019.
             Slain by an ogre
             ... wielding a +0 giant club
              (16 damage)
             ... on level 2 of the Dungeon.
             The game lasted 00:01:07 (469 turns).

MatthieuS the Chopper (Hill Orc Wanderer)            Turns: 469, Time: 00:01:07

Health: -2/25      AC:  3    Str: 12 (13) XL:     2   Next: 54%
Magic:  4/4        EV: 10    Int: 12 (14) God:
Gold:   72         SH:  2    Dex:  6 (9)  Spells: 3/4 levels left

rFire    + . .     SeeInvis .   a - +2 hand axe
rCold    + . .     Gourm    .   k - +0 buckler
rNeg     . . .     Faith    .   c - +0 leather armour
rPois    +         Spirit   .   (no helmet)
rElec    +         Reflect  .   (no cloak)
rCorr    +         Harm     .   (no gloves)
MR       .....                  (no boots)
Stlth    +.........             (no amulet)
HPRegen  0.08/turn              (no ring)
MPRegen  0.09/turn              (no ring)

@: resistant
A: no striking features
a: no special abilities


You were on level 2 of the Dungeon.
You were not hungry.

You visited 1 branch of the dungeon, and saw 2 of its levels.

You collected 72 gold pieces.

Inventory:

Hand Weapons
 a - a +2 hand axe (weapon)
Armour
 c - a +0 leather armour (worn)
   (You found it on level 1 of the Dungeon)
 k - a +0 buckler (worn)
   (You found it on level 1 of the Dungeon)
Scrolls
 d - a scroll of remove curse {unknown}
 g - a scroll of enchant armour {unknown}
 i - 2 scrolls of teleportation {unknown}
Potions
 b - 2 potions of curing {@q1}
Comestibles
 e - 2 rations
 f - a chunk of flesh


   Skills:
 + Level 2.9 Fighting
 * Level 4.8 Axes
 - Level 1.5 Spellcasting
   Level 1.0 Translocations
   Level 2.0 Evocations


You had 3 spell levels left.
You knew the following spells:

 Your Spells              Type           Power        Failure   Level  Hunger
a - Confusing Touch       Hex            #.....       54%         1    ##.....

Your spell library contained the following spells:

 Spells                   Type           Power        Failure   Level  Hunger
 Dazzling Spray           Conj/Hex       #.....       88%         3    ####...


Dungeon Overview and Level Annotations

Branches:
Dungeon (2/15)

Altars:


Message History

No target in view!
No target in view!
No target in view!
No target in view!
No target in view!
No target in view!
No target in view!
No target in view!
No target in view!
No target in view!
Done exploring.
Done exploring.
Done exploring.
There is a stone staircase leading down here.
You see here a buckler.
k - a buckler Wear which item? (? for menu, Esc to quit)
You start putting on your armour.
You continue putting on your buckler.
Some of the chunks of flesh in your inventory have rotted away.
You continue putting on your buckler. x3
You finish putting on your +0 buckler.
There is a stone staircase leading down here.
You climb downwards.
Found 29 gold pieces, a ring mail, a short sword and a leather armour.
There is a stone staircase leading up here.
You now have 72 gold pieces (gained 19).
An ogre comes into view. It is wielding a +0 giant club.
The ogre shouts!
You hear an angry hiss.
An adder comes into view.
Found 9 gold pieces.
Found a sedimented dark potion.
You aren't carrying any items that you can evoke.
It was a potion of degeneration.
There was something very wrong with that liquid.
You feel weakened.
You feel dopey.
You feel clumsy.
It was a potion of resistance.
You feel protected.
You miss the adder. The adder bites you.
You barely miss the ogre. You barely miss the adder. The adder bites you.
The ogre hits you with a +0 giant club. The adder bites you.
You hit the ogre. You hit the adder. The adder closely misses you.
The ogre barely misses you.
A hobgoblin comes into view.
You closely miss the adder. You hit the ogre. You block the adder's attack.
You block the ogre's attack. The adder barely misses you.
You miss the adder. You barely miss the ogre. The adder barely misses you.
You hit the ogre. You hit the adder. The adder bites you.
The ogre hits you with a +0 giant club!
Ouch! That really hurt!
You die...

.... ....
..... .....
..g...
!.....#####
#.....S...#
#.....O@..#
....$....<#
#...[)..[.#
.$........#
..........#
..........#
....#######
####


You could see an ogre, an adder and a hobgoblin.

Vanquished Creatures
  A dart slug (D:1)
  A leopard gecko (D:1)
  2 giant cockroaches (D:1)
  2 goblins (D:1)
  2 kobolds (D:1)
  A bat (D:1)
  4 rats (D:1)
13 creatures vanquished.

Notes
Turn   | Place    | Note
-------+----------+-------------------------------------------
     0 | D:1      | MatthieuS the Hill Orc Wanderer began the quest for the
                  | Orb.
     0 | D:1      | MatthieuS set off with the following items: a +2 hand axe,
                  | a potion of curing {@q1}, a +0 robe, a ration; and the
                  | following spell memorised: Confusing Touch; and the
                  | following spells available to memorise: Dazzling Spray
     0 | D:1      | Reached XP level 1. HP: 18/18 MP: 3/3
   198 | D:1      | Reached XP level 2. HP: 19/25 MP: 4/4
   460 | D:2      | Noticed an ogre
   469 | D:2      | Slain by an ogre

Levels and vault maps discovered:
D:1:      roderic_crossed_star, layout_rooms
D:2:      layout_basic, uniq_jessica

Action                   || total
-------------------------++-------
Melee: Hand axe          ||    31
  Use: Potion            ||     2
Armor: Leather armour    ||     5
Dodge: Dodged            ||    19
Block: Buckler           ||     2

Table legend:
 A = Non-vault XP
 B = Vault XP
 C = Vault XP percentage of total XP
 D = Non-vault monster count
 E = Vault monster count
 F = Vault count percentage of total count
                 A         B        C        D         E       F
            +---------+---------+-------+---------+---------+-------
      Total |      23 |       0 |   0.0 |      13 |       0 |   0.0
            +---------+---------+-------+---------+---------+-------
        D:1 |      23 |       0 |   0.0 |      13 |       0 |   0.0
            +---------+---------+-------+---------+---------+-------
